 Dungeon Crawl Stone Soup version 0.26-a0-466-g989023bd0d (webtiles) character file.

Game seed: 17678281558631776540

4 drasked the Firebug (level 1, -4/10 HPs)
             Began as a Deep Elf Fire Elementalist on Aug 6, 2020.
             Slain by a gnoll (5 damage)
             ... on level 1 of the Dungeon.
             The game lasted 00:00:39 (169 turns).

drasked the Firebug (Deep Elf Fire Elementalist)     Turns: 169, Time: 00:00:40

Health: -4/10      AC:  2    Str:  5    XL:     1   Next: 50%
Magic:  3/6        EV: 13    Int: 19    God:
Gold:   13         SH:  0    Dex: 15    Spells: 5/6 levels left

rFire    . . .     SeeInvis .   (no weapon)
rCold    . . .     Faith    .   (no shield)
rNeg     . . .     Spirit   .   a - +0 robe
rPois    .         Reflect  .   (no helmet)
rElec    .         Harm     .   (no cloak)
rCorr    .                      (no gloves)
MR       .....                  (no boots)
Stlth    ++........             (no amulet)
HPRegen  0.03/turn              (no ring)
MPRegen  0.10/turn              (no ring)

@: no status effects
A: no striking features
a: no special abilities


You were on level 1 of the Dungeon.
You visited 1 branch of the dungeon, and saw 1 of its levels.

You collected 13 gold pieces.

Inventory:

Missiles
 Q - 4 stones (quivered)
Armour
 a - a +0 robe (worn)
 b - a +0 pair of gloves
   (You found it on level 1 of the Dungeon)
Scrolls
 c - a scroll of remove curse {unknown}
 d - a scroll of identify {unknown}


   Skills:
 - Level 2.4 Dodging
 - Level 2.4 Stealth
 - Level 3.0 Spellcasting
 + Level 1.4 Conjurations
 + Level 3.4 Fire Magic


You had 5 spell levels left.
You knew the following spells:

 Your Spells              Type           Power        Failure   Level
a - Foxfire               Conj/Fire      ##..         5%          1

Your spell library contained the following spells:

 Spells                   Type           Power        Failure   Level
 Conjure Flame            Conj/Fire      ##......     17%         3
 Inner Flame              Hex/Fire       #.......     22%         3
 Sticky Flame             Conj/Fire      ##......     50%         4
 Fireball                 Conj/Fire      ##........   83%         5


Dungeon Overview and Level Annotations

Branches:
Dungeon (1/15)

Altars:


Message History

You pick up a book of Flames and begin reading...
You add the spells Foxfire, Conjure Flame, Inner Flame, Sticky Flame and Fireball to your library.
Options error: Bad channel -- pray (HDAMessageColors.rc:30) Options error: Bad channel -- food (HDAMessageColors.rc:33) Options error: Bad object type '%}\|' for autopickup. (draskedHDA.rc:715) Options error: Bad channel -- pray (~/.crawlrc:4770) Options error: Bad channel -- food (~/.crawlrc:4773) Welcome, drasked the Deep Elf Fire Elementalist.
Will you be the one to retrieve the fabulous Orb of Zot from the depths?
Found a staircase leading out of the dungeon.
You open the door.
There is an open door here.
You open the large door.
There is a large open door here.
You open the large door.
There is a large open door here.
You open the door.
There is an open door here.
You open the door.
There is an open door here.
b - a pair of gloves You open the large door.
There is a large open door here.
You open the door.
There is an open door here.
c - a scroll labeled MUCHUE ZY BAD You open the gate.
There is an open gate here.
You open the door.
There is an open door here.
You now have 13 gold pieces.
A kobold comes into view.
The kobold shouts!
You hear a shout!
The kobold throws a stone.
The stone barely misses you.
You see here a stone.
You conjure some foxfire!
A hobgoblin comes into view.
The kobold throws a stone.
The stone hits you but does no damage.
You see here a stone.
The kobold throws a stone.
The stone barely misses you.
The kobold throws a stone.
The stone closely misses you.
The kobold throws a stone.
The stone hits you but does no damage.
You see here a stone.
You conjure some foxfire!
The foxfire hits the kobold but does no damage.
The foxfire hits the kobold.
You kill the kobold!
You conjure some foxfire!
The foxfire hits the hobgoblin.
The foxfire hits the hobgoblin but does no damage.
You conjure some foxfire!
The foxfire hits the hobgoblin. x2
You kill the hobgoblin!
You start resting.
You can't see that place. [the floor.]
Q - a stone (quivered)
Q - 2 stones (gained 1)
Q - 3 stones (gained 1)
Q - 4 stones (gained 1)
d - a scroll labeled COLASEUZIT A gnoll comes into view.
You conjure some foxfire!
The foxfire hits the gnoll.
The gnoll shouts!
You conjure some foxfire!
The foxfire hits the gnoll.
The foxfire hits the gnoll. x2
A bat comes into view.
The gnoll hits you.
Ouch! That really hurt!
* * * LOW HITPOINT WARNING * * *
You conjure some foxfire!
The gnoll hits you.
* * * LOW HITPOINT WARNING * * *
The foxfire hits the bat.
You kill the bat!
The foxfire hits the gnoll but does no damage.
The gnoll hits you.
Ouch! That really hurt!
You die...

#♣♣♣♣♣♣ ......b
....... ..... ..$
♣♣♣♣♣♣♣
#.######.....#
#.g.§.##.....#
#.†@§.##....#
#...........#
#.....##....##
#.....##.....#
........#.....#
####.....#.....#
.......#.....###
........##......#
....... ######.#


You could see a gnoll.

Levels and vault maps discovered:
D:1:      minmay_arrival_widening_spiral_wide, layout_basic, serial_forest,
          infiniplex_forest_straight_3, infiniplex_forest_lined_4_way,
          infiniplex_forest_lined_2, infiniplex_forest_straight_3,
          infiniplex_forest_clump_curved

Notes
Turn   | Place    | Note
-------+----------+-------------------------------------------
     0 | D:1      | drasked the Deep Elf Fire Elementalist began the quest for
                  | the Orb.
     0 | D:1      | Reached XP level 1. HP: 10/10 MP: 6/6
   168 | D:1      | HP: 1/10 [gnoll (4)]
   169 | D:1      | Slain by a gnoll

Table legend: (Time is in decaauts)
 A = Elapsed time spent in this place.
 B = Non-inter-level travel time spent in this place.
 C = Inter-level travel time spent in this place.
 D = Time resting spent in this place.
 E = Time spent auto-exploring this place.
 F = Levels seen in this place.
 G = Mean time per level.
                   A        B        C        D        E       F      G
               +--------+--------+--------+--------+--------+-----+--------+
         Total |    169 |    169 |      0 |     24 |    108 |   1 |  169.0 |
       Dungeon |    169 |    169 |      0 |     24 |    108 |   1 |  169.0 |
               +--------+--------+--------+--------+--------+-----+--------+

Top non-repeatable levels by time:
     D:1: 169 daAuts

Table legend:
 A = Kills in this place as a percentage of kills in entire the game.
 B = Kills by you in this place as a percentage of kills by you in the entire game.
 C = Kills by friends in this place as a percentage of kills by friends in the entire game.
 D = Other kills in this place as a percentage of other kills in the entire game.
 E = Experience gained in this place as a percentage of experience gained in the entire game.
 F = Experience gained in this place divided by the number of levels of this place that you have seen.
                   A       B       C       D       E      F
               +-------+-------+-------+-------+-------+----------------------
         Total | 100.0 | 100.0 |   N/A |   N/A | 100.0 |   6.0
       Dungeon | 100.0 | 100.0 |   N/A |   N/A | 100.0 |   6.0
               +-------+-------+-------+-------+-------+----------------------

Action                   || total
-------------------------++-------
 Cast: Foxfire           ||     7
Armor: Robe              ||     1
Dodge: Dodged            ||     3

Vanquished Creatures
  A bat (D:1)
  A hobgoblin (D:1)
  A kobold (D:1)
3 creatures vanquished.

Vanquished Creatures (others)
  12 foxfires (D:1)
12 creatures vanquished.

Grand Total: 15 creatures vanquished
